 Dungeon Crawl Stone Soup version 0.27-a0-1296-g8ece459b43 (webtiles) character file.

Game seed: 11530118606836521754

15490 Delamore the Thaumaturge (level 12, -28/87 HPs)
             Began as a Djinni Fire Elementalist on June 16, 2021.
             Was the Champion of Cheibriados.
             Annihilated by a white ugly thing (52 damage)
             ... on level 11 of the Dungeon.
             The game lasted 00:36:40 (17168 turns).

Delamore the Thaumaturge (DjFE)                    Turns: 17168, Time: 00:36:40

Health: -28/87     AC: 14    Str: 24    XL:     12   Next: 58%
Gold:   268        EV: 17    Int: 36    God:    Cheibriados [******] SH:  7 Dex: 30

rFire    + + +     SeeInvis .   S - staff of fire
rCold    x . .     Faith    .   K - +0 buckler of the Forest {Str+2}
rNeg     . . .     Spirit   .   M - +2 robe {Will+}
rPois    ∞         Reflect  .   u - +0 helmet
rElec    .         Harm     .   (no cloak)
rCorr    .         Rampage  .   F - +0 pair of gloves
Will     ++...                  (boots unavailable)
Stlth    +++.......             E - amulet of the acrobat
HPRegen  0.24/turn              e - +4 ring of protection
MPRegen  0.00/turn              t - +4 ring of protection

@: flying, very slow
A: sickness immunity, fire resistance 2, cold vulnerability 1, float, innate
caster, hp casting, extra vitality 1
a: Renounce Religion, Bend Time, Temporal Distortion, Slouch, Step From Time


You were on level 11 of the Dungeon.
You worshipped Cheibriados.
Cheibriados was exalted by your worship.
You visited 1 branch of the dungeon, and saw 11 of its levels.
You also visited: Sewer.

You collected 717 gold pieces.
You spent 449 gold pieces at shops.

Inventory:

Hand Weapons
 x - the +5 dagger of the Spectre {vorpal, Dex+4}
   (You found it on level 4 of the Dungeon)

   It inflicts extra damage upon your enemies.
   It affects your dexterity (+4).
Missiles
 a - 5 boomerangs
 i - 6 throwing nets
 q - 10 curare-tipped darts (quivered)
 v - 3 javelins
 y - 50 poisoned darts
Armour
 u - a +0 helmet (worn)
 F - a +0 pair of gloves (worn)
 K - the +0 buckler of the Forest (worn) {Str+2}
   (You found it on level 7 of the Dungeon)

   It affects your strength (+2).
 M - a +2 robe of willpower (worn)
Magical Staves
 P - a staff of poison
 S - a staff of fire (weapon)
 T - a staff of conjuration
Jewellery
 e - a +4 ring of protection (left hand)
 t - a +4 ring of protection (right hand)
 E - an amulet of the acrobat (around neck)
 H - an amulet of faith
 R - a ring of ice
Wands
 A - a wand of acid (15)
 C - a wand of iceblast (17)
 D - a wand of flame (47)
 G - a wand of polymorph (15)
 J - a wand of charming (10)
Scrolls
 c - 3 scrolls of noise
 d - 2 scrolls of vulnerability
 f - 2 scrolls of fog
 h - 2 scrolls of immolation
 j - 2 scrolls of enchant weapon
 k - 5 scrolls of magic mapping
 n - a scroll of holy word
 p - a scroll of silence
 r - 3 scrolls of enchant armour
 w - a scroll of summoning
 B - 5 scrolls of teleportation
 I - 2 scrolls of blinking
 L - a scroll of fear
 N - 6 scrolls of identify
 O - a scroll of acquirement {unknown}
 Q - a scroll of torment {unknown}
Potions
 b - a potion of mutation
 g - 2 potions of invisibility
 l - 2 potions of brilliance
 m - 3 potions of haste
 o - 2 potions of curing
 z - 5 potions of lignification {unknown}


   Skills:
 + Level 8.2 Fighting
 + Level 5.2 Throwing
 - Level 5.0 Dodging
 - Level 1.5 Stealth
 - Level 4.0 Shields
 * Level 12.1 Spellcasting


You had 4 spell levels left.
You knew the following spells:

 Your Spells              Type           Power      Damage    Failure   Level
a - Foxfire               Conj/Fire      100%       2x1d9     0%          1
b - Conjure Flame         Conj/Fire      100%       6-21      1%          3
c - Inner Flame           Hex/Fire       100%       N/A       1%          3
d - Sticky Flame          Conj/Fire      100%       2d11      1%          4
e - Fireball              Conj/Fire      52%        3d20      1%          5
f - Summon Small Mammal   Summ           100%       N/A       0%          1
g - Poisonous Vapours     Pois/Air       100%       N/A       1%          2
h - Ozocubu's Armour      Ice            83%        N/A       1%          3
i - Ice Form              Ice/Tmut       83%        N/A       1%          4
j - Summon Forest         Summ/Tloc      41%        N/A       1%          5
Your spell library was empty.

Dungeon Overview and Level Annotations

Branches:
Dungeon (11/15)            Temple (0/1) D:6           Sewer (visited)
   Lair: D:8-11         Orc: D:9-12

Altars:
Ashenzari
Cheibriados
Elyvilon
Gozag
Hepliaklqana
Kikubaaqudgha
Ru
Sif Muna
Trog
Uskayaw
Wu Jian
Xom
The Shining One
Beogh

Shops:
D:1 *   D:8 ??([=


Innate Abilities, Weirdness & Mutations

You are immune to sickness and miasma.
You are immune to poison.
Your flesh is very heat resistant. (rF++)
You are vulnerable to cold. (rC-)
You float through the air rather than walking.
You learn spells naturally, not from books.
Your magical power is your life essence.
You have superior vitality. (+4 HP)


Message History

The centaur warrior zombie kicks you but does no damage.
The white ugly thing is engulfed in poison gas.
The white ugly thing looks as sick as possible!
The white ugly thing misses you.
Casting: Poisonous Vapours (safe; 1% risk of failure)
Confirm with . or Enter, or press ? or * to list all spells.
Aiming: Poisonous Vapours (safe; 1% risk of failure)
Press: ? - help, Dir - move target, f/p - white ugly thing
Aim: a white ugly thing (poison gas, moderately wounded, extremely poisoned)
The poisonous vapours increase!
Something hits you but does no damage.
The centaur warrior zombie hits you but does no damage.
The centaur warrior zombie kicks you but does no damage.
The white ugly thing looks as sick as possible!
You block the white ugly thing's attack.
The centaur warrior zombie hits you.
The centaur warrior zombie kicks you but does no damage.
Casting: Poisonous Vapours (safe; 1% risk of failure)
Confirm with . or Enter, or press ? or * to list all spells.
Aiming: Poisonous Vapours (safe; 1% risk of failure)
Press: ? - help, Dir - move target, f/p - white ugly thing
Aim: a white ugly thing (poison gas, heavily wounded, extremely poisoned)
The poisonous vapours increase!
* * * LOW HITPOINT WARNING * * *
Something hits you but does no damage.
The white ugly thing is engulfed in poison gas.
The white ugly thing looks as sick as possible!
The white ugly thing misses you.
The centaur warrior zombie closely misses you.
The centaur warrior zombie kicks you but does no damage.
Aiming: Charm
Press: ? - help, Shift-Dir - straight line, f - centaur warrior zombie, p - white ugly thing
Aim: a centaur warrior zombie (lightly damaged, chance to affect: 51%)
The centaur warrior zombie is charmed.
Something hits you but does no damage.
The white ugly thing is engulfed in poison gas.
The white ugly thing looks as sick as possible!
The white ugly thing trunk-slaps you.
* * * LOW HITPOINT WARNING * * *
The white ugly thing freezes you!!!
You feel a terrible chill!
Ouch! That really hurt!
You die...

## <.# ........#
..... ..# ........# #
... #.# ......... ...
#.# ##........ #.#
#.# ##......... #.#
##.###........ +#.#+
##..#.##.$..#
###...###......#u...#
....8.........#Z@####
###...###....#####
+#.#+ ##..## #.# ##.#
##.## #.# ##...## #.#
##.....####.#
...........
.....######


You could see a white ugly thing (extremely poisoned) and a friendly centaur
warrior zombie (charmed).

Vanquished Creatures
  A boulder beetle (D:9)
  Harold (D:10)
  A hydra (D:11)
  A centaur warrior (D:9)
  4 two-headed ogres
  A wizard (D:9)
  A deep elf pyromancer (D:9)
  2 kobold demonologists
  A troll (D:9)
  Grinder (D:3)
  Sigmund (D:3)
  A shadow (D:11)
  2 vampires (D:9)
  8 yaks
  4 wyverns
  3 steam dragons
  An acid dragon (D:9)
  8 orc warriors
  3 sky beasts
  2 black bears (D:7)
  An ice beast (D:8)
  3 ogres
  A boggart (D:11)
  11 centaurs
  A phantom (D:6)
  A bullfrog (D:4)
  2 kobold brigands
  A gnoll sergeant (D:5)
  2 scorpions
  A water moccasin skeleton (D:5)
  9 killer bees
  18 wights
  A hound (D:4)
  A bullfrog zombie (D:5)
  2 centaur zombies
  3 gnoll shamans
  4 jellies
  A bullfrog skeleton (D:5)
  8 orc priests
  2 centaur skeletons
  2 merfolk sirens (Sewer)
  7 orc wizards
  A merfolk avatar (Sewer)
  A hound skeleton (D:4)
  Robin (D:3)
  20 gnolls
  4 howler monkey zombies
  5 adders
  A howler monkey skeleton (D:7)
  2 river rats (Sewer)
  A shadow imp (D:7)
  A white imp (D:8)
  2 adder skeletons
  4 worms
  A dart slug (D:3)
  41 orcs
  6 endoplasms
  5 giant cockroaches
  5 hobgoblins
  5 iguanas
  11 jackals
  3 kobolds
  7 quokkas
  12 ball pythons
  4 bats
  3 frilled lizards
  10 goblins
  27 rats
312 creatures vanquished.

Vanquished Creatures (collateral kills)
  2 goblins
  A hobgoblin (D:3)
  A quokka (D:4)
  A foxfire (D:5)
5 creatures vanquished.

Vanquished Creatures (others)
  786 foxfires
786 creatures vanquished.

Grand Total: 1103 creatures vanquished

Notes
Turn   | Place    | Note
-------+----------+-------------------------------------------
     0 | D:1      | Delamore the Djinni Fire Elementalist began the quest for
                  | the Orb.
     0 | D:1      | Reached XP level 1. HP: 15/15 MP: 0/0
   387 | D:1      | Reached XP level 2. HP: 20/22 MP: 0/0
   577 | D:1      | Found a faded altar of an unknown god.
   981 | D:1      | Reached XP level 3. HP: 22/26 MP: 0/0
   981 | D:1      | Learned a level 1 spell: Summon Small Mammal
  1036 | D:1      | Reached skill level 1 in Fighting
  1217 | D:1      | Found Petsed's General Store.
  1224 | D:1      | Bought a scroll of identify for 20 gold pieces
  1224 | D:1      | Bought a scroll of fog for 20 gold pieces
  1585 | D:2      | Reached skill level 3 in Spellcasting
  1953 | D:2      | Reached XP level 4. HP: 7/32 MP: 0/0
  2810 | D:3      | Noticed Grinder
  2826 | D:3      | Killed Grinder
  2827 | D:3      | Reached skill level 1 in Shields
  2827 | D:3      | Reached XP level 5. HP: 23/39 MP: 0/0
  2827 | D:3      | Learned a level 2 spell: Poisonous Vapours
  2827 | D:3      | Reached XP level 6. HP: 27/45 MP: 0/0
  2967 | D:3      | Found a snail-covered altar of Cheibriados.
  2974 | D:3      | Became a worshipper of Cheibriados the Contemplative
  3172 | D:3      | Noticed Robin
  3198 | D:3      | Killed Robin
  3438 | D:3      | Reached skill level 4 in Spellcasting
  3525 | D:3      | Found a shimmering altar of Xom.
  3627 | D:3      | Noticed Sigmund
  3632 | D:3      | Killed Sigmund
  3633 | D:3      | Reached XP level 7. HP: 40/50 MP: 0/0
  3633 | D:3      | Learned a level 3 spell: Ozocubu's Armour
  4173 | D:4      | Reached * piety under Cheibriados
  4717 | D:4      | Identified the +5 dagger of the Spectre {vorpal, Dex+4}
  5006 | D:4      | Reached XP level 8. HP: 49/56 MP: 0/0
  5325 | D:5      | Entered Level 5 of the Dungeon
  5395 | D:5      | Noticed a wyvern
  5405 | D:5      | Killed a wyvern
  5406 | D:5      | Reached skill level 5 in Spellcasting
  5538 | D:5      | Reached ** piety under Cheibriados
  5539 | D:5      | Reached skill level 5 in Dodging
  5742 | D:5      | Found a hide-covered altar of Uskayaw.
  5752 | D:5      | Found a runed translucent door.
  6263 | D:5      | Reached XP level 9. HP: 17/63 MP: 0/0
  6263 | D:5      | Learned a level 4 spell: Ice Form
  6273 | D:5      | Reached skill level 6 in Spellcasting
  6666 | D:5      | Reached skill level 5 in Fighting
  7165 | D:5      | Reached *** piety under Cheibriados
  7314 | D:5      | Reached skill level 7 in Spellcasting
  7802 | D:6      | Found a staircase to the Ecumenical Temple.
  7926 | D:6      | Found a glowing drain.
  7931 | Sewer    | Entered a sewer
  7991 | Sewer    | Reached **** piety under Cheibriados
  8459 | Sewer    | Reached ***** piety under Cheibriados
  9241 | D:7      | Reached skill level 8 in Spellcasting
  9453 | D:7      | Reached XP level 10. HP: 32/70 MP: 0/0
  9825 | D:7      | Found a white marble altar of Elyvilon.
 10327 | D:7      | Reached skill level 9 in Spellcasting
 10766 | D:7      | Identified the +0 buckler of the Forest {Str+2}
 11787 | D:8      | Found Fuleb's Magic Scroll Shop.
 11795 | D:8      | Bought a scroll of blinking for 120 gold pieces
 11795 | D:8      | Bought a scroll of identify for 32 gold pieces
 11795 | D:8      | Bought a scroll of identify for 32 gold pieces
 11795 | D:8      | Bought a scroll of identify for 32 gold pieces
 11795 | D:8      | Bought a scroll of identify for 32 gold pieces
 11804 | D:8      | Found Pugum's Weapon Shoppe.
 11827 | D:8      | Bought 4 curare-tipped darts for 31 gold pieces
 11841 | D:8      | Reached skill level 10 in Spellcasting
 12138 | D:8      | Found an opulent altar of Gozag.
 12157 | D:8      | Found Duokulea's Magic Scroll Shop.
 12175 | D:8      | Bought a scroll of fear for 49 gold pieces
 12228 | D:8      | Found Xoisoz's Antique Armour Shop.
 12236 | D:8      | Bought an embroidered robe for 81 gold pieces
 12342 | D:8      | Found an ornate altar of the Wu Jian Council.
 12345 | D:8      | Found a sacrificial altar of Ru.
 12474 | D:8      | Found Juostimm's Jewellery Boutique.
 12798 | D:9      | Noticed a two-headed ogre
 12811 | D:9      | Killed a two-headed ogre
 12812 | D:9      | Reached skill level 1 in Throwing
 12812 | D:9      | Reached XP level 11. HP: 60/76 MP: 0/0
 12812 | D:9      | Learned a level 5 spell: Summon Forest
 13284 | D:9      | Reached ****** piety under Cheibriados
 13450 | D:9      | Noticed a two-headed ogre
 13461 | D:9      | Killed a two-headed ogre
 13540 | D:9      | Found a bloodstained altar of Trog.
 14100 | D:9      | Reached skill level 11 in Spellcasting
 14334 | D:9      | Noticed a boulder beetle
 14341 | D:9      | Killed a boulder beetle
 14356 | D:9      | Noticed a deep elf pyromancer
 14360 | D:9      | Killed a deep elf pyromancer
 14431 | D:9      | Noticed a wizard
 14433 | D:9      | Killed a wizard
 14806 | D:9      | Noticed a centaur warrior
 14808 | D:9      | Killed a centaur warrior
 14809 | D:9      | Reached XP level 12. HP: 75/85 MP: 0/0
 15084 | D:9      | Found a glowing golden altar of the Shining One.
 15559 | D:10     | Entered Level 10 of the Dungeon
 15592 | D:10     | Found a hazy altar of Hepliaklqana.
 15674 | D:10     | Noticed a two-headed ogre
 15678 | D:10     | Killed a two-headed ogre
 15756 | D:10     | Noticed Harold
 15769 | D:10     | Killed Harold
 15779 | D:10     | Noticed a two-headed ogre
 16041 | D:10     | Killed a two-headed ogre
 16052 | D:10     | Reached skill level 12 in Spellcasting
 16273 | D:10     | Reached skill level 5 in Throwing
 16280 | D:10     | HP: 3/86 [orc (8)]
 16543 | D:10     | Found a broken altar of Ashenzari.
 16797 | D:11     | Noticed a sixfirhy
 17051 | D:11     | Noticed an eight-headed hydra
 17058 | D:11     | Killed an eight-headed hydra
 17151 | D:11     | Noticed a six-headed hydra
 17156 | D:11     | Noticed a two-headed ogre
 17168 | D:11     | Annihilated by a white ugly thing

Illustrated notes

Levels and vault maps discovered:
D:1:      lemuel_arrival_broad_hall, layout_basic, serial_shops,
          nicolae_square_shop, shapermc_ecumenical_altar_totnotflames,
          minmay_pentomino_u2
D:2:      layout_rooms
D:3:      layout_basic, dk_xom_monty_hall, kennysheep_slug_shrine, minivault_24,
          kennysheep_generic_room_2, uniq_sigmund, uniq_grinder, uniq_robin
D:4:      minmay_clustersquares, layout_basic, kennysheep_generic_room_7
D:5:      layout_basic, kiku_gazebo_garden_becter, nicolae_uskayaw_dance_hall,
          lightli_church_of_beogh
D:6:      layout_rooms, minmay_temple_entry_proselytizer, portal_sewer_entry_e,
          chequers_serial_rivers_micro_b
D:7:      layout_basic, kennysheep_mini, elyvilon_altar_3
D:8:      layout_rooms, lemuel_crystal_altar, jmf_multi_god_temple,
          serial_shops, nicolae_shop_crystal, nicolae_shop_statue_plus,
          nicolae_shop_crystal, nicolae_shop_window_shopping, shop, sigmund_army
D:9:      minmay_the_grid_square_5x5_3x3 [minmay_the_grid_square_5x5_v,
          minmay_the_grid_square_5x5_z, minmay_the_grid_square_5x5_mess,
          minmay_the_grid_square_5x5_two,
          minmay_the_grid_square_5x5_megaprize_checkered,
          minmay_the_grid_square_5x5_eight_small,
          minmay_the_grid_square_5x5_longway,
          minmay_the_grid_square_5x5_inverted_slash,
          minmay_the_grid_square_5x5_tie], layout_layer_cave,
          lemuel_crystal_altar, marbit_many_paths
D:10:     layout_rooms, cheibrodos_ashenzari_chains,
          nicolae_overflow_crystal_walls, kennysheep_pointless_box,
          eino_tiny_chamber, amcnicky_mini_rare_corridor_liquid, uniq_harold
D:11:     cheibrodos_barr_body, layout_layer_cave, david_lair_shrubbed,
          david_orc_2

Skill      XL: |  1  2  3  4  5  6  7  8  9 10 11 12 |
---------------+-------------------------------------+-----
Fighting       | 1 2 3 4 5 7 8 |  8.2
Spellcasting   | 3 4 5 8 10 11 12 | 12.1
Dodging        | 3 4 5 |  5.0
Shields        | 1 2 4 |  4.0
Throwing       | 1 4 5 |  5.2
Stealth        | |  1.5

Action                   |  1- 3 |  4- 6 |  7- 9 | 10-12 || total
-------------------------+-------+-------+-------+-------++-------
Melee: Unarmed           |     1 |       |       |     1 ||     2
       Short sword       |       |     1 |     5 |       ||     6
       Dagger            |       |       |    50 |    36 ||    86
       Staff             |       |       |       |    24 ||    24
Throw: Dart              |       |       |       |     6 ||     6
 Cast: Foxfire           |    90 |    52 |   258 |    96 ||   496
       Summon Small Mamm |    15 |    18 |     7 |       ||    40
       Poisonous Vapours |       |    14 |   112 |   139 ||   265
       Conjure Flame     |       |       |     7 |     2 ||     9
       Ozocubu's Armour  |       |       |     2 |       ||     2
       Inner Flame       |       |       |     1 |     1 ||     2
       Fireball          |       |       |       |    77 ||    77
       Sticky Flame      |       |       |       |     5 ||     5
       Summon Forest     |       |       |       |     2 ||     2
       Ice Form          |       |       |       |     1 ||     1
Invok: Bend Time         |       |       |     1 |       ||     1
Evoke: Wand              |       |       |       |     1 ||     1
  Use: Scroll            |     5 |       |     7 |     8 ||    20
       Potion            |       |       |       |     6 ||     6
 Stab: Distracted        |       |       |       |     1 ||     1
Armor: Robe              |     7 |     3 |    41 |    66 ||   117
Dodge: Dodged            |    22 |     9 |    74 |   192 ||   297
Block: Buckler           |       |     2 |    36 |    98 ||   136

Table legend: (Time is in decaauts)
 A = Elapsed time spent in this place.
 B = Non-inter-level travel time spent in this place.
 C = Inter-level travel time spent in this place.
 D = Time resting spent in this place.
 E = Time spent auto-exploring this place.
 F = Levels seen in this place.
 G = Mean time per level.
                   A        B        C        D        E       F      G
               +--------+--------+--------+--------+--------+-----+--------+
         Total |  21625 |  20657 |    968 |   4750 |  13599 |  12 | 1802.1 |
       Dungeon |  20555 |  19587 |    968 |   4750 |  12795 |  11 | 1868.6 |
         Sewer |   1070 |   1070 |      0 |      0 |    803 |   1 | 1070.0 |
               +--------+--------+--------+--------+--------+-----+--------+

Top non-repeatable levels by time:
     D:9: 4867 daAuts
     D:5: 2842 daAuts
     D:7: 2774 daAuts
     D:1: 1759 daAuts
     D:8: 1695 daAuts
     D:4: 1572 daAuts
     D:3: 1449 daAuts
    D:10: 1178 daAuts
   Sewer: 1070 daAuts
     D:6: 1001 daAuts
     D:2: 887 daAuts
    D:11: 526 daAuts
